 Dungeon Crawl Stone Soup version 0.28.0-53-g5a82cb258f (webtiles) character file.

Game seed: 3908233753595171239

3031 bnorton916 the Thaumaturge (level 9, -2/40 (45) HPs)
             Began as a Deep Elf Fire Elementalist on July 17, 2022.
             Was an Initiate of Gozag.
             Slain by a wight
             ... wielding a +4 halberd
              (5 damage)
             ... on level 8 of the Dungeon.
             The game lasted 00:13:21 (10804 turns).

bnorton916 the Thaumaturge (DEFE)                  Turns: 10804, Time: 00:13:22

HP:   -2/40 (45)    AC:  5    Str:  7    XL:     9   Next: 56%
MP:   17/24         EV: 12    Int: 23    God:    Gozag
Gold: 544           SH:  0    Dex: 15    Spells: 8/27 levels left

rFire   . . .      SeeInvis .   c - +2 short sword (venom)
rCold   . . .      Faith    .   (no shield)
rNeg    . . .      Spirit   .   a - +0 robe
rPois   .          Reflect  .   g - +2 hat {Will+}
rElec   .          Harm     .   y - +0 cloak
rCorr   .          Rampage  .   (no gloves)
Will    +....                   (no boots)
Stlth   ++........              j - amulet of regeneration
HPRegen 0.93/turn               (no ring)
MPRegen 0.19/turn               (no ring)

@: studying Transmutations, heavily drained
A: no striking features
a: Renounce Religion, Potion Petition, Call Merchant, Bribe Branch


You were on level 8 of the Dungeon.
You worshipped Gozag.
Gozag was pleased with you.
You visited 2 branches of the dungeon, and saw 9 of its levels.

You collected 612 gold pieces.
You paid 68 gold pieces to Gozag.

Inventory:

Hand Weapons
 c - a +2 short sword of venom (weapon)
 h - a +0 dagger of freezing
 k - a +0 short sword
Missiles
 i - 378 stones
 F - 3 poisoned darts
Armour
 a - a +0 robe (worn)
 g - a +2 hat of willpower (worn)
 y - a +0 cloak (worn)
 B - a +1 scale mail of fire resistance
 D - the +1 scale mail of Ynaofaf {Fly rElec MP-9 Stlth+}
   (You found it on level 3 of the Dungeon)

   rElec:     It insulates you from electricity.
   MP:        It affects your magic capacity (-9).
   Fly:       It grants you flight.
   Stlth:     It makes you more stealthy.
 E - a +0 helmet
Jewellery
 j - an amulet of regeneration (around neck)
 v - an amulet of guardian spirit
 w - an amulet of magic regeneration
 G - a ring of protection from fire
Wands
 A - a wand of iceblast (2)
Scrolls
 l - 3 scrolls of noise
 m - 5 scrolls of teleportation
 n - 2 scrolls of enchant armour
 r - a scroll of fog
 s - a scroll of magic mapping {unknown}
 t - 2 scrolls of vulnerability {unknown}
 u - a scroll of brand weapon {unknown}
 x - 2 scrolls of immolation
 C - a scroll of enchant weapon {unknown}
 H - a scroll of fear {unknown}
 J - a scroll of amnesia {unknown}
Potions
 b - a potion of might
 d - 2 potions of magic
 e - a potion of resistance {unknown}
 f - a potion of ambrosia {unknown}
 o - 3 potions of curing
 p - a potion of degeneration {unknown}
 q - 2 potions of lignification {unknown}
 z - a potion of attraction {unknown}
 I - a potion of cancellation {unknown}


   Skills:
 - Level 2.4 Dodging
 - Level 2.4 Stealth
 - Level 9.5 Spellcasting
 - Level 7.6 Conjurations
 + Level 3.7 Summonings
 + Level 4.1 Transmutations
 - Level 8.3 Fire Magic
 + Level 3.7 Ice Magic


You had 8 spell levels left.
You knew the following spells:

 Your Spells              Type           Power      Damage    Failure   Level
a - Foxfire               Conj/Fire      100%       2x1d9     1%          1
b - Scorch                Fire           98%        2d10      1%          2
c - Conjure Flame         Conj/Fire      47%        6-21      1%          3
d - Flame Wave            Conj/Fire      47%        2d10      2%          4
e - Summon Ice Beast      Ice/Summ       28%        N/A       13%         4
f - Fireball              Conj/Fire      23%        3d11      6%          5

Your spell library contained the following spells:

 Spells                   Type           Power      Damage    Failure   Level
 Summon Small Mammal      Summ           100%       N/A       1%          1
 Call Canine Familiar     Summ           28%        N/A       3%          3
 Inner Flame              Hex/Fire       30%        N/A       3%          3
 Slow                     Hex            40%        N/A       6%          1
 Summon Guardian Golem    Hex/Summ       19%        N/A       9%          3
 Confusing Touch          Hex            10%        N/A       19%         3
 Gell's Gravitas          Tloc           10%        N/A       19%         3
 Teleport Other           Tloc           10%        N/A       19%         3
 Vampiric Draining        Necr           10%        2d6       19%         3
 Starburst                Conj/Fire      23%        6d8       34%         6
 Summon Mana Viper        Hex/Summ       19%        N/A       58%         5
 Dispersal                Tloc           5%         N/A       100%        6
 Monstrous Menagerie      Summ           14%        N/A       100%        7
 Ignition                 Fire           24%        3d8       100%        8


Dungeon Overview and Level Annotations

Branches:
Dungeon (8/15)             Temple (1/1) D:7
   Lair: D:8-11

Altars:
Ashenzari
Cheibriados
Dithmenos
Elyvilon
Fedhas
Gozag
Hepliaklqana
Makhleb
Nemelex Xobeh
Okawaru
Qazlal
Ru
Sif Muna
Trog
Uskayaw
Vehumet
Wu Jian
Xom
Yredelemnul
Zin
The Shining One

Portals:
Abyss: D:5

Annotations:
D:5 2 transporters, jjjjhere's ghost, weakling DDDe


Message History

Casting: Foxfire (safe; 1% risk of failure)
Confirm with . or Enter, or press ? or * to list all spells.
You conjure some foxfire!
The foxfire hits the wight but does no damage.
The foxfire hits the wight.
The wight is lightly damaged.
Casting: Foxfire (safe; 1% risk of failure)
Confirm with . or Enter, or press ? or * to list all spells.
You conjure some foxfire!
The foxfire hits the wight.
The wight is moderately damaged.
The foxfire hits the wight.
The wight is heavily damaged.
Casting: Foxfire (safe; 1% risk of failure)
Confirm with . or Enter, or press ? or * to list all spells.
Flames lash the wight.
You destroy the wight!
Casting: Scorch (safe; 1% risk of failure)
Confirm with . or Enter, or press ? or * to list all spells.
Flames lash the wight.
The wight is heavily damaged.
The wight's fire resistance burns away.
The wight closely misses you.
The wight hits you from afar with a +4 halberd!
You feel drained.
Casting: Scorch (safe; 1% risk of failure)
Confirm with . or Enter, or press ? or * to list all spells.
Flames lash the wight.
The wight is heavily damaged.
The wight closely misses you.
The wight hits you from afar with a +4 halberd!
You feel drained.
The wight is no longer more vulnerable to fire.
Casting: Scorch (safe; 1% risk of failure)
Confirm with . or Enter, or press ? or * to list all spells.
Flames lash the wight but do no damage.
The wight hits you from afar with a +4 halberd!!
* * * LOW HITPOINT WARNING * * *
You feel drained.
You die...
Your body crumbles into a pile of gold.

##..#..## #..##.................
....#...###..##..)...#......####
...#..#.....).#.....##.....###
...#......^.#)......#.....$..###
.......##.###........####......##
############........### #........
# #........z...# #........
#............###....#..#
##......@......#.....).[#
#................##.....#
###..#............##.#...
#....##......#..###.....
##.##...........# #.....
##.........#...# ##....
##..#....##♣♣♣♣ ...## ##.#.....#♣
... ##.......♣


You could see a wight.

Vanquished Creatures
  A two-headed ogre (D:6)
  Grinder (D:4)
  A wyvern (D:7)
  Menkaure (D:4)
  An orc warrior (D:6)
  A black bear (D:6)
  2 necrophages
  2 ogres
  A phantom (D:5)
  3 centaurs (D:6)
  A bullfrog (D:6)
  A scorpion (D:6)
  A wyvern skeleton (D:7)
  A water moccasin skeleton (D:4)
  2 wights (D:8)
  2 howler monkeys (D:7)
  2 electric eels (D:6)
  A jelly (D:6)
  A bullfrog zombie (D:5)
  A gnoll shaman (D:7)
  A centaur skeleton (D:4)
  2 orc priests
  2 bullfrog skeletons (D:5)
  A hound (D:6)
  Terence (D:3)
  3 orc wizards
  3 iguanas (D:5)
  2 killer bee zombies (D:8)
  Robin (D:3)
  6 adders
  5 gnolls
  4 worms
  3 dart slugs
  12 orcs
  5 endoplasms
  A giant cockroach (D:1)
  13 goblins
  9 hobgoblins
  2 jackals (D:1)
  A quokka (D:3)
  7 ball pythons
  4 bats
  3 frilled lizards (D:1)
  8 kobolds
  10 rats
  A spectral kobold (D:4)
137 creatures vanquished.

Vanquished Creatures (others)
  2 goblins (D:3)
  555 foxfires
  7 plants (D:6)
564 creatures vanquished.

Grand Total: 701 creatures vanquished

Notes
Turn   | Place    | Note
-------+----------+-------------------------------------------
     0 | D:1      | bnorton916 the Deep Elf Fire Elementalist began the quest
                  | for the Orb.
     0 | D:1      | Reached XP level 1. HP: 10/10 MP: 6/6
   107 | D:1      | Reached XP level 2. HP: 15/15 MP: 4/8
   373 | D:1      | Reached XP level 3. HP: 19/19 MP: 0/10
   831 | D:1      | Found a faded altar of an unknown god.
  1102 | D:2      | Reached skill level 4 in Spellcasting
  1527 | D:2      | Learned a level 2 spell: Scorch
  1531 | D:2      | Learned a level 3 spell: Conjure Flame
  1711 | D:2      | Found a shimmering altar of Xom.
  1941 | D:3      | Noticed Terence
  1947 | D:3      | Reached XP level 4. HP: 24/24 MP: 8/12
  2150 | D:3      | Noticed Robin
  2260 | D:2      | Learned a level 4 spell: Flame Wave
  2506 | D:4      | Noticed Grinder
  2529 | D:4      | Paralysed by Grinder for 5 turns
  2533 | D:4      | Killed Grinder
  2534 | D:4      | Reached skill level 5 in Spellcasting
  2534 | D:4      | Reached skill level 5 in Fire Magic
  2534 | D:4      | Reached XP level 5. HP: 14/28 MP: 2/14
  2534 | D:4      | Reached XP level 6. HP: 16/32 MP: 2/16
  3232 | D:4      | Noticed Menkaure
  3240 | D:4      | Killed Menkaure
  3241 | D:4      | Reached skill level 6 in Spellcasting
  3739 | D:4      | Found a hazy altar of Hepliaklqana.
  3877 | D:5      | Entered Level 5 of the Dungeon
  3903 | D:5      | Reached XP level 7. HP: 34/36 MP: 14/18
  4022 | D:5      | Reached skill level 5 in Conjurations
  4348 | D:5      | Reached skill level 7 in Spellcasting
  4523 | D:5      | Found a transporter.
  4531 | D:5      | Found a one-way gate to the infinite horrors of the Abyss.
  4531 | D:5      | Noticed jjjjhere's ghost (weakling DDDe)
  4756 | D:5      | Found a transporter.
  4847 | D:6      | Reached XP level 8. HP: 41/41 MP: 15/21
  5172 | D:6      | Found a burning altar of Makhleb.
  5172 | D:6      | Found a glowing golden altar of the Shining One.
  5172 | D:6      | Found a sacrificial altar of Ru.
  5562 | D:6      | Reached skill level 8 in Spellcasting
  6426 | D:6      | Noticed a two-headed ogre
  6448 | D:6      | Killed a two-headed ogre
  6449 | D:6      | Reached skill level 9 in Spellcasting
  6449 | D:6      | Reached XP level 9. HP: 22/45 MP: 18/24
  6666 | D:6      | Learned a level 4 spell: Summon Ice Beast
  6689 | D:6      | Reached skill level 1 in Summonings
  6689 | D:6      | Reached skill level 1 in Ice Magic
  7048 | D:7      | Found a staircase to the Ecumenical Temple.
  7053 | Temple   | Entered the Ecumenical Temple
  7190 | Temple   | Became a worshipper of Gozag Ym Sagoz the Greedy
  7416 | D:3      | HP: 2/45 [goblin/stone (4)]
  7963 | D:3      | Killed Robin
  8192 | D:3      | Killed Terence
  8836 | D:3      | Identified the +1 scale mail of Ynaofaf {Fly rElec MP-9
                  | Stlth+}
  9102 | D:7      | Reached skill level 1 in Transmutations
 10416 | D:8      | Found a radiant altar of Vehumet.
 10549 | D:8      | Found an ornate altar of the Wu Jian Council.
 10777 | D:8      | Learned a level 5 spell: Fireball
 10804 | D:8      | Slain by a wight

Illustrated notes

Levels and vault maps discovered:
D:1:      shiori_arrival_oz, layout_rooms, ebering_ecumenical_altar_box,
          minmay_misc_feat_diagonals, minmay_heptomino_o4
D:2:      layout_basic, basic_altar
D:3:      layout_rooms, wad_floor_pattern_untrapped, uniq_terence, uniq_robin
D:4:      layout_loops_cross, nicolae_hepliaklqana_monster_ancestors,
          grunt_ministairs_9, uniq_menkaure, uniq_grinder
D:5:      layout_basic, gammafunk_ghost_abyssal_escape
D:6:      layout_rooms, minitemple, serial_bayou, serial_bayou_shore_a,
          serial_bayou_pond_e, serial_bayou_ford_a, serial_bayou_pond_a,
          minmay_manual_mess
D:7:      layout_loops_cross, minmay_temple_entry_glassed_door,
          hangedman_decor_riveting
D:8:      layout_cave_pools, mainiacjoe_overflow_alcove_1,
          nicolae_overflow_hidden_temple, nicolae_wu_jian_wuxing_cycle
Temple:   regret_index_temple_waves

Skill      XL: |  1  2  3  4  5  6  7  8  9 |
---------------+----------------------------+-----
Conjurations   | 2 3 4 5 7 |  7.6
Spellcasting   | 4 5 6 7 9 |  9.5
Fire Magic     | 4 5 6 8 |  8.3
Summonings     | 3 |  3.7
Ice Magic      | 3 |  3.7
Transmutations | 4 |  4.1
Dodging        | |  2.4
Stealth        | |  2.4

Action                   |  1- 3 |  4- 6 |  7- 9 || total
-------------------------+-------+-------+-------++-------
Melee: Short sword       |     9 |     2 |     4 ||    15
 Cast: Foxfire           |   103 |    56 |   183 ||   342
       Scorch            |       |    15 |    62 ||    77
       Flame Wave        |       |       |     1 ||     1
  Use: Scroll            |       |     6 |     3 ||     9
       Potion            |       |       |     1 ||     1
Armor: Robe              |     2 |     9 |    21 ||    32
Dodge: Dodged            |    16 |    20 |    59 ||    95
